 Dungeon Crawl Stone Soup version 0.25-a0-110-ge29c8f2358 (webtiles) character file.

Game seed: 16376413631005546773, levelgen mode: deterministic

1257 MisterFreud the Ducker (level 8, 0/50 HPs)
             Began as an Octopode Gladiator on Nov 19, 2019.
             Was an Initiate of Cheibriados.
             Slain by a hippogriff (4 damage)
             ... on level 6 of the Dungeon.
             The game lasted 00:07:35 (5240 turns).

MisterFreud the Ducker (Octopode Gladiator)         Turns: 5240, Time: 00:07:35

Health: 0/50       AC:  1    Str: 15    XL:     8   Next: 51%
Magic:  8/8        EV: 17    Int: 13    God:    Cheibriados [......]
Gold:   218        SH:  6    Dex: 14    Spells: 7/7 levels left

rFire    . . .     SeeInvis .   a - +0 long sword
rCold    . . .     Gourm    .   l - +1 buckler
rNeg     . . .     Faith    .   b - +0 hat
rPois    .         Spirit   .   g - amulet of rage
rElec    .         Reflect  .   s - ring of protection from magic
rCorr    .         Harm     .   (no ring)
MR       +....                  (no ring)
Stlth    ++........             (no ring)
HPRegen  0.16/turn              (no ring)
MPRegen  0.11/turn              (no ring)
                                (no ring)
                                (no ring)

@: lightly drained, very slow
A: almost no armour, stealthy swim, amphibious, 8 rings, constrict 8, camouflage
1, gelatinous body 1
a: Bend Time, Renounce Religion, Evoke Berserk Rage


You were on level 6 of the Dungeon.
You worshipped Cheibriados.
Cheibriados was noncommittal.
You were not hungry.

You visited 2 branches of the dungeon, and saw 7 of its levels.
You also visited: Sewer.

You collected 218 gold pieces.

Inventory:

Hand Weapons
 a - a +0 long sword (weapon)
Missiles
 c - 3 throwing nets (quivered)
 e - 129 stones
 j - 71 sling bullets
 m - 65 arrows
 n - 3 javelins
 r - 7 boomerangs
 u - 7 poisoned darts
 x - 49 bolts
Armour
 b - a +0 hat (worn)
 l - a +1 buckler (worn)
Jewellery
 g - an amulet of rage (around mantle)
 s - a ring of protection from magic (left tentacle)
Wands
 y - a wand of random effects (17)
Scrolls
 k - a scroll of enchant armour
 o - a scroll of amnesia {unknown}
 q - a scroll of enchant weapon {unknown}
 v - 3 scrolls of teleportation {unknown}
 w - a scroll of blinking {unknown}
 D - 3 scrolls of remove curse {unknown}
 E - a scroll of brand weapon {unknown}
 F - a scroll of fear {unknown}
Potions
 f - 3 potions of curing
 h - 4 potions of heal wounds {unknown}
 i - 2 potions of flight
 p - a potion of haste {unknown}
 t - 2 potions of experience {unknown}
 z - 2 potions of brilliance {unknown}
 A - a potion of mutation {unknown}
 B - a potion of magic {unknown}
Comestibles
 d - 10 rations
 C - 4 chunks of flesh


   Skills:
 - Level 2.0(1.8) Fighting
 - Level 6.2(6.0) Long Blades
 - Level 2.0(1.8) Throwing
 + Level 7.3(7.1) Dodging
 - Level 4.8(4.5) Shields


You had 7 spell levels left.
You didn't know any spells.
Your spell library was empty.

Dungeon Overview and Level Annotations

Branches:
Dungeon (6/15)             Temple (1/1) D:6           Sewer (visited)

Altars:
Cheibriados
Elyvilon
Makhleb
Nemelex Xobeh
Okawaru
Ru
Trog
Uskayaw
Vehumet
The Shining One


Innate Abilities, Weirdness & Mutations

You cannot wear most types of armour.
You are very stealthy in the water. (Stealth+)
You are amphibious.
You can wear up to eight rings at the same time.
You can use your tentacles to constrict eight enemies at once.
Your skin changes colour to match your surroundings (Stealth+).
Your rubbery body absorbs attacks. (AC +1, EV +1)


Message History

You block the hippogriff's attack. The hippogriff pecks you.
The hippogriff misses you.
You hit the hippogriff. You squeeze the hippogriff.
The hippogriff is severely wounded.
The hippogriff bites you. The hippogriff pecks you.
* * * LOW HITPOINT WARNING * * *
You block the hippogriff's attack.
Evoke which item? (* to show all) (? for menu, Esc to quit)
That's the wrong kind of item! (Use * to select it.) Evoke which item? (* to show all) (? for menu, Esc to quit)
Okay, then.
You feel better. The hippogriff misses you. The hippogriff pecks you.
The hippogriff claws you!
* * * LOW HITPOINT WARNING * * *
You hit the hippogriff.
The hippogriff is severely wounded.
The hippogriff bites you.
* * * LOW HITPOINT WARNING * * *
You block the hippogriff's attack. The hippogriff claws you.
You die...

#...........
#.........#
#.........#
#.....l...#
#........##
#.(......#
............#
............######
##.#.#....#lOH@..#
...#.#..########.#
## #....# #.#
###.#########.#
######.............#
..............))...#
.....#........)....#
.....#.............#
.....####...######.#


You could see a hippogriff, an ogre and an iguana.

Vanquished Creatures
  Eustachio (D:4)
  Edmund (D:5)
  An ice beast (D:6)
  An ogre (D:5)
  An orc warrior (D:6)
  A centaur (D:5)
  A big kobold (Sewer)
  A scorpion (D:5)
  A wight (D:6)
  2 hounds (D:5)
  A jelly (D:5)
  An orc wizard (D:3)
  Ijyb (D:4)
  2 orc priests (D:3)
  Jessica (D:2)
  2 worker ants
  Robin (D:2)
  5 adders
  3 river rats
  A shadow imp (D:5)
  An ooze (D:2)
  2 adder skeletons (D:5)
  A dart slug (D:3)
  4 leopard geckos
  14 orcs
  A ball python (D:6)
  9 giant cockroaches
  14 goblins
  11 hobgoblins
  6 jackals
  A quokka (D:5)
  A ball python skeleton (D:3)
  8 bats
  5 frilled lizards
  11 kobolds
  9 rats
127 creatures vanquished.

Notes
Turn   | Place    | Note
-------+----------+-------------------------------------------
     0 | D:1      | MisterFreud the Octopode Gladiator began the quest for the
                  | Orb.
     0 | D:1      | Reached XP level 1. HP: 14/14 MP: 1/1
   164 | D:1      | Reached XP level 2. HP: 17/19 MP: 2/2
   723 | D:1      | Reached XP level 3. HP: 24/24 MP: 3/3
   846 | D:2      | Noticed Jessica
   846 | D:2      | Noticed Robin
  1138 | D:2      | Killed Robin
  1252 | D:2      | Reached XP level 4. HP: 27/29 MP: 4/4
  1406 | D:2      | Killed Jessica
  1406 | D:2      | Reached skill level 5 in Long Blades
  1618 | D:3      | Found a glowing drain.
  1626 | Sewer    | Entered a sewer
  1636 | Sewer    | Reached XP level 5. HP: 15/34 MP: 5/5
  1875 | Sewer    | Noticed a big kobold
  1901 | Sewer    | Killed a big kobold
  1974 | Sewer    | Found a white marble altar of Elyvilon.
  2014 | D:3      | Reached skill level 1 in Shields
  2016 | D:3      | Reached XP level 6. HP: 19/39 MP: 6/6
  2765 | D:3      | Found a faded altar of an unknown god.
  3440 | D:4      | Noticed Ijyb
  3448 | D:4      | Killed Ijyb
  3466 | D:4      | Found a radiant altar of Vehumet.
  3526 | D:4      | Noticed Eustachio
  3538 | D:4      | Killed Eustachio
  3538 | D:4      | Reached XP level 7. HP: 45/45 MP: 7/7
  3542 | D:4      | Found a sparkling altar of Nemelex Xobeh.
  3693 | D:4      | Found a sacrificial altar of Ru.
  3787 | D:5      | Entered Level 5 of the Dungeon
  3849 | D:5      | Noticed Edmund
  3957 | D:5      | Killed Edmund
  3957 | D:5      | Reached skill level 4 in Dodging
  4229 | D:5      | Reached skill level 5 in Dodging
  4424 | D:5      | Reached XP level 8. HP: 50/50 MP: 8/8
  4562 | D:5      | Found a glowing golden altar of the Shining One.
  4710 | D:5      | Reached skill level 6 in Dodging
  4853 | D:6      | Found a staircase to the Ecumenical Temple.
  4870 | Temple   | Entered the Ecumenical Temple
  4882 | Temple   | Became a worshipper of Cheibriados the Contemplative
  5007 | D:6      | Reached skill level 7 in Dodging
  5222 | D:6      | Noticed a hippogriff
  5240 | D:6      | Slain by a hippogriff

Levels and vault maps discovered:
D:1:      dpeg_arrival_water_fire, layout_rooms
D:2:      layout_rooms, first_ration, uniq_jessica, uniq_robin
D:3:      layout_loops_corners, portal_sewer_entry_b,
          chequers_ecumenical_altar_simple_redux
D:4:      layout_rooms, marbit_many_paths, lemuel_round_altar,
          lemuel_doored_altar, uniq_ijyb, uniq_eustachio
D:5:      layout_rooms, nicolae_tso_carved_into_rock, uniq_edmund
D:6:      layout_basic, lemuel_blue_sif_altar, minmay_temple_entry_wispy,
          uniq_grinder
Temple:   compressed_dpeg_circular_temple

Skill      XL: |  1  2  3  4  5  6  7  8 |
---------------+-------------------------+-----
Long Blades    | 4 5 6 |  6.2
Shields        | 1 4 |  4.8
Dodging        | 5 7 |  7.3
Fighting       | |  2.0
Throwing       | |  2.0

Action                   |  1- 3 |  4- 6 |  7- 9 || total
-------------------------+-------+-------+-------++-------
Melee: Long sword        |    59 |   123 |    89 ||   271
       Constrict         |    15 |    38 |    15 ||    68
       Tentacles         |    15 |    24 |    20 ||    59
Evoke: Wand              |       |       |     2 ||     2
  Use: Scroll            |       |     4 |     1 ||     5
       Potion            |       |       |     1 ||     1
 Stab: Sleeping          |     3 |     4 |     3 ||    10
  Eat: Chunk             |     1 |     7 |     6 ||    14
Armor: Skin              |     7 |    15 |     1 ||    23
Dodge: Dodged            |    43 |    80 |    50 ||   173
Block: Buckler           |       |    14 |    22 ||    36
       Rpst.: Long sword |    15 |    24 |    10 ||    49

Table legend:
 A = Non-vault XP
 B = Vault XP
 C = Vault XP percentage of total XP
 D = Non-vault monster count
 E = Vault monster count
 F = Vault count percentage of total count
                 A         B        C        D         E       F
            +---------+---------+-------+---------+---------+-------
      Total |    1158 |     639 |  35.6 |      96 |      31 |  24.4
            +---------+---------+-------+---------+---------+-------
        D:1 |      39 |       0 |   0.0 |      24 |       0 |   0.0
        D:2 |      29 |      76 |  72.4 |       9 |      14 |  60.9
        D:3 |     195 |      16 |   7.6 |      31 |       3 |   8.8
        D:4 |      25 |     234 |  90.3 |       7 |       2 |  22.2
        D:5 |     516 |     173 |  25.1 |      15 |       1 |   6.2
        D:6 |     354 |       0 |   0.0 |      10 |       0 |   0.0
      Sewer |       0 |     140 | 100.0 |       0 |      11 | 100.0
            +---------+---------+-------+---------+---------+-------
